Map: 16-Bit LE

Players

Cyberknight - Winner!

  • Race: Protoss Protoss
  • League: Diamond
  • Spawn Location: 7:00

Marzbar

  • Race: Zerg Zerg
  • League: Diamond
  • Spawn Location: 1:00

VOD

Have the link to the VOD?

Description

Time

  • Played on: June 16, 2018, 10:09 p.m.
  • Length: 15:58
Show
View Real Time Build Order
Export as new Build Order

Cyberknight Protoss - Winner!

Build Orders: Phoenix Opening 

Get SALT Encoding   

  12  0:06  Probe  
  13  0:14  Probe  
  14  0:24  Probe  
  15  0:30  Pylon  
  15  0:48  Probe  
  16  0:52  Gateway  
  16  0:53  Assimilator  
  16  1:00  Probe  
  17  1:12  Probe  
  18  1:24  Probe  
  19  1:36  Probe, Gateway  
  19  1:38  Pylon  
  20  1:41  Cybernetics Core  
  20  1:51  Assimilator  
  20  2:11  Nexus  
  20  2:14  Adept  
  20  2:17  Adept  
  24  2:30  Warp Gate  
  24  2:39  Pylon  
  24  2:40  Probe  
  25  2:58  Stargate  
  25  2:59  Probe  
  25  3:03  Sentry  
  28  3:11  Probe  
  29  3:54  Phoenix  
  27  3:57  Probe  
  27  3:58  Probe  
  31  4:09  Probe  
  30  4:10  Probe  
  35  4:17  Phoenix  
  37  4:28  Probe  
  34  4:35  Adept  
  34  4:36  Adept  
  38  4:42  Phoenix  
  40  4:47  Probe x2  
  42  4:57  Probe, Gateway  
  42  4:58  Gateway  
  42  4:59  Probe  
  44  5:02  Robotics Facility  
  44  5:05  Probe  
  44  5:07  Phoenix  
  46  5:11  Probe  
  46  5:13  Probe  
  48  5:21  Pylon, Gateway  
  49  5:23  Probe  
  50  5:29  Probe  
  50  5:35  Probe, Adept  
  53  5:40  Pylon  
  53  5:41  Probe  
  55  5:50  Phoenix  
  57  5:58  Adept  
  57  5:59  Stalker, Probe  
  57  6:02  Assimilator  
  62  6:04  Assimilator  
  62  6:05  Warp Prism  
  62  6:08  Probe  
  65  6:17  Probe  
  66  6:30  Pylon  
  66  6:31  Pylon  
  66  6:49  Nexus  
  66  6:53  Pylon  
  66  6:57  Probe  
  66  6:58  Probe  
  68  7:10  Probe  
  69  7:23  Zealot  
  69  7:24  Adept  
  69  7:25  Zealot, Adept  
  69  7:27  Adept  
  79  7:41  Probe  
  79  7:44  Adept  
  82  7:45  Stalker  
  82  7:46  Stalker  
  82  7:47  Adept  
  88  8:05  Stalker x2  
  72  8:11  Stalker x2  
  72  8:12  Stalker  
  70  8:30  Stalker x2  
  66  8:45  Warp Prism  
  66  8:48  Probe x3  
  71  9:00  Probe x3  
  71  9:01  Stalker  
  71  9:02  Stalker, Adept x3  
  82  9:11  Robotics Bay  
  82  9:12  Probe x3  
  85  9:17  Forge  
  85  9:20  Pylon  
  85  9:21  Pylon  
  85  9:24  Probe x2  
  85  9:27  Probe  
  85  9:28  Twilight Council  
  85  9:29  Assimilator  
  85  9:30  Pylon, Stalker, Adept x2  
  94  9:33  Assimilator  
  94  9:34  Phoenix  
  96  9:42  Sentry  
  96  9:43  Sentry  
  96  9:44  Protoss Ground Weapons Level 1  
  100  9:54  Stalker x2  
  100  9:55  Probe, Adept  
  100  9:59  Extended Thermal Lance, Phoenix, Colossus  
  115  10:02  Probe  
  115  10:05  Charge, Forge  
  116  10:21  Robotics Facility  
  113  10:51  Stalker, Adept  
  113  10:52  Stalker  
  113  10:53  Colossus  
  125  10:58  Colossus  
  125  11:03  Probe  
  132  11:14  Robotics Facility  
  132  11:22  Protoss Shields Level 1  
  132  11:30  Nexus  
  132  11:32  Pylon  
  132  11:37  Pylon  
  132  11:39  Probe  
  133  11:45  Blink  
  133  11:46  Pylon  
  133  11:49  Pylon  
  133  11:50  Pylon, Probe x2, Observer  
  133  11:52  Pylon  
  133  11:53  Colossus  
  138  12:10  Colossus  
  144  12:15  Shield Battery  
  144  12:17  Shield Battery  
  144  12:18  Shield Battery  
  144  12:20  Photon Cannon  
  144  12:22  Photon Cannon  
  144  12:25  Stalker x3  
  144  12:26  Adept  
  151  12:37  Colossus  
  130  12:52  Stalker x5  
  130  12:53  Observer  
  140  13:04  Protoss Ground Weapons Level 2, Colossus  
  147  13:22  Gateway x2  
  147  13:24  Gateway  
  147  13:26  Nexus  
  146  13:28  Pylon  
  146  13:31  Observer  
  146  13:32  Pylon  
  147  13:34  Immortal  
  147  13:36  Stalker x4  
  147  13:37  Stalker  
  161  13:52  Warp Prism  
  161  13:53  Photon Cannon  
  161  13:55  Photon Cannon  
  163  13:58  Observer  
  164  14:14  Immortal  
  122  14:51  Stalker x3  
  122  14:52  Stalker x2  
  132  14:56  Immortal x2  
  132  14:57  Immortal  
  144  15:12  Stalker x3  
  143  15:19  Stalker x3  
  143  15:20  Stalker x2  
  150  15:36  Zealot x2  
  150  15:37  Zealot  
  156  15:43  Zealot x4  
  160  15:50  Zealot  
Show
View Real Time Build Order
Export as new Build Order

Marzbar Zerg 

Build Orders: Hatch First, Lurkers 

Get SALT Encoding   

  12  0:03  Drone  
  13  0:12  Overlord  
  13  0:20  Drone  
  14  0:31  Drone x2  
  14  0:35  Drone  
  17  0:53  Hatchery  
  16  1:00  Drone  
  16  1:01  Drone  
  16  1:04  Extractor  
  17  1:16  Spawning Pool  
  16  1:19  Drone  
  16  1:22  Drone  
  18  1:29  Drone  
  19  1:46  Overlord  
  19  2:03  Queen  
  19  2:04  Zergling x4  
  19  2:05  Queen  
  25  2:12  Metabolic Boost  
  25  2:23  Drone x3  
  25  2:25  Drone  
  25  2:29  Drone  
  30  2:33  Drone  
  31  2:44  Drone  
  31  2:45  Drone  
  33  2:55  Overlord  
  33  2:56  Overlord  
  33  3:05  Hatchery  
  27  3:39  Zergling x4  
  27  3:40  Zergling x2  
  22  4:01  Drone x4  
  22  4:02  Drone x8  
  33  4:17  Drone  
  33  4:18  Drone x2  
  36  4:44  Drone x9  
  45  4:51  Queen  
  47  4:56  Overlord  
  47  4:58  Zergling x2, Overlord  
  47  4:59  Zergling x4  
  50  5:10  Spore Crawler  
  50  5:13  Extractor, Spore Crawler  
  47  5:20  Evolution Chamber, Drone  
  47  5:21  Drone x7  
  53  5:41  Spore Crawler  
  52  5:43  Overlord x3  
  52  5:58  Overlord  
  54  6:05  Zerg Missile Weapons Level 1  
  54  6:07  Lair  
  54  6:08  Drone  
  54  6:09  Overlord, Drone x5  
  54  6:10  Zergling x2, Overlord  
  59  6:23  Drone x3  
  59  6:25  Zergling x6  
  65  6:30  Baneling Nest  
  65  6:32  Spore Crawler  
  62  6:46  Spore Crawler  
  61  6:49  Drone, Spore Crawler  
  61  6:50  Overlord x2, Drone x3  
  64  6:55  Hatchery, Extractor, Drone x4  
  64  6:56  Drone x2  
  64  6:59  Extractor  
  67  7:02  Extractor  
  67  7:07  Hydralisk Den  
  65  7:20  Baneling  
  65  7:21  Baneling x9  
  64  7:23  Zergling x2  
  64  7:24  Spine Crawler x2, Zergling x12  
  64  7:27  Spine Crawler  
  68  7:47  Lurker Den  
  68  7:49  Hydralisk  
  69  7:51  Overlord x2  
  69  7:52  Zergling x2  
  69  7:53  Zergling x14  
  64  8:14  Zerg Melee Weapons Level 1  
  64  8:15  Hydralisk x3  
  69  8:24  Hydralisk  
  69  8:25  Hydralisk  
  63  8:34  Zergling x14  
  63  8:35  Zergling x12  
  63  8:36  Queen x3  
  63  8:39  Overseer  
  74  8:49  Drone x3  
  70  8:57  Drone x5  
  74  9:16  Hatchery  
  73  9:17  Lurker x2  
  75  9:25  Drone x8  
  83  9:43  Hydralisk  
  83  9:44  Hydralisk x8  
  96  10:00  Extractor  
  95  10:09  Zerg Missile Weapons Level 2, Evolution Chamber  
  95  10:11  Lurker x3  
  95  10:13  Drone x7  
  95  10:14  Overlord x3, Drone  
  105  10:15  Zergling x4  
  105  10:17  Baneling x3  
  105  10:18  Baneling x2  
  107  10:29  Hydralisk  
  107  10:31  Hydralisk  
  107  10:32  Hydralisk x2  
  115  10:44  Evolution Chamber, Spore Crawler  
  115  10:45  Spore Crawler  
  115  10:48  Spine Crawler  
  112  10:50  Drone x13  
  112  10:54  Zerg Melee Weapons Level 2  
  124  11:01  Drone x3  
  127  11:08  Baneling x5  
  127  11:09  Centrifical Hooks  
  127  11:12  Queen  
  129  11:20  Hydralisk x4  
  129  11:21  Extractor, Hydralisk  
  129  11:22  Extractor  
  136  11:38  Hydralisk x4  
  144  11:40  Overlord x2  
  144  11:41  Zergling x2, Overlord  
  144  11:42  Zergling x8  
  144  11:45  Overlord x3  
  147  12:06  Hatchery  
  147  12:08  Queen x4  
  148  12:14  Queen  
  156  12:20  Hydralisk x4  
  156  12:21  Hydralisk x3  
  155  12:45  Hydralisk x11  
  152  13:00  Lurker  
  152  13:01  Lurker x5  
  158  13:09  Drone x5  
  158  13:10  Drone x10  
  173  13:29  Muscular Augments  
  173  13:37  Infestation Pit  
  173  13:40  Drone  
  173  13:41  Drone x13  
  185  13:43  Spore Crawler  
  185  13:44  Spore Crawler  
  185  13:46  Queen, Drone x2  
  185  13:47  Spine Crawler, Drone  
  188  13:50  Spine Crawler  
  188  13:52  Spine Crawler  
  188  13:53  Extractor x2  
  188  13:54  Hydralisk x3  
  188  13:55  Hydralisk x2  
  193  14:18  Overseer x2  
  193  14:19  Overseer  
  180  14:34  Hydralisk  
  180  14:35  Hydralisk x16  
  184  14:41  Hydralisk x5, Grooved Spines  
  167  14:55  Hydralisk  
  167  14:58  Spore Crawler  
  167  14:59  Hydralisk, Spore Crawler x2  
  166  15:00  Hydralisk x5  
  166  15:02  Zergling x2  
  166  15:03  Zergling x28, Spore Crawler  
  166  15:05  Hydralisk  
  165  15:18  Hydralisk  
  165  15:19  Hydralisk x5  
  135  15:28  Hydralisk  
  135  15:29  Hydralisk x2  
  135  15:34  Lurker  
  140  15:36  Drone x9  
Tags
 
Add a new tag
Caveats
  • Supply blocks, unpowered buildings, or Contaminate may cause inaccurate times.
  • Supply counts are checked every 10 seconds.